 Dungeon Crawl Stone Soup version 0.21-a0-128-gf2b353c (webtiles) character file.

102 tilp the Conjurer (level 4, 0/24 HPs)
             Began as a Tengu Fire Elementalist on July 16, 2017.
             Slain by an orc (2 damage)
             ... on level 3 of the Dungeon.
             The game lasted 00:06:32 (1789 turns).

tilp the Conjurer (Tengu Fire Elementalist)         Turns: 1789, Time: 00:06:33

Health: 0/24       AC:  2    Str:  9    XL:     4   Next: 78%
Magic:  7/8        EV: 12    Int: 16    God:
Gold:   49         SH:  0    Dex: 14    Spells: 2/8 levels left

rFire    . . .     SeeInvis .   g - +0 short sword
rCold    . . .     Gourm    .   (no shield)
rNeg     . . .     Faith    .   a - +0 robe
rPois    .         Spirit   .   (helmet restricted)
rElec    .         Reflect  .   (no cloak)
rCorr    .         Harm     .   (no gloves)
MR       .....                  (boots unavailable)
Stlth    ++........             (no amulet)
HPRegen  0.08/turn              (no ring)
MPRegen  0.11/turn              (no ring)

@: hasted, very quick
A: beak, talons 3
a: no special abilities


You were on level 3 of the Dungeon.
You were not hungry.

You visited 1 branch of the dungeon, and saw 4 of its levels.

You collected 49 gold pieces.

Inventory:

Hand Weapons
 g - a +0 short sword (weapon)
Missiles
 l - 53 stones (quivered)
Armour
 a - a +0 robe (worn)
Scrolls
 f - 2 scrolls of remove curse
Potions
 d - a potion of heal wounds
 n - a potion of brilliance {unknown}
Books
 b - a book of Flames

   Spells                             Type                      Level
   a - Flame Tongue                   Conjuration/Fire             1
   b - Throw Flame                    Conjuration/Fire             2
   c - Conjure Flame                  Conjuration/Fire             3
   d - Inner Flame                    Hexes/Fire                   3
   e - Sticky Flame                   Conjuration/Fire             4
   f - Fireball                       Conjuration/Fire             5
Comestibles
 c - 4 bread rations
 k - 3 fruits
 o - 2 royal jellies


   Skills:
 - Level 2.1 Dodging
 - Level 2.0 Stealth
 - Level 2.5 Spellcasting
 + Level 5.3 Conjurations
 - Level 3.2 Fire Magic


You had 2 spell levels left.
You knew the following spells:

 Your Spells              Type           Power        Failure   Level  Hunger
a - Flame Tongue          Conj/Fire      ###..        3%          1    #......
b - Throw Flame           Conj/Fire      ###...       4%          2    ##.....
c - Conjure Flame         Conj/Fire      ###.....     10%         3    ###....


Dungeon Overview and Level Annotations

Branches:
Dungeon (4/15)
 Temple: D:4-7

Altars:


Innate Abilities, Weirdness & Mutations

You have a beak for a mouth.
You have claws for feet.


Message History

The stone hits you but does no damage. The quokka bites you.
* * * LOW HITPOINT WARNING * * *
Found a scroll of fog.
You see here a stone.
* * * LOW HITPOINT WARNING * * *
You feel sick.
Found 16 gold pieces.
It was a potion of haste.
You feel yourself speed up.
* * * LOW HITPOINT WARNING * * *
You feel sick. The adder bites you.
* * * LOW HITPOINT WARNING * * *
The adder closely misses you.
It was a potion of curing.
You feel better. The quokka bites you.
* * * LOW HITPOINT WARNING * * *
The adder bites you.
* * * LOW HITPOINT WARNING * * *
The orc shouts!
An orc comes into view. It is wielding a morningstar.
The orc hits you.
You die...

#.###l#.#Z##### #
#.....o.o....(#
##..###..###g.Z##.#
.........#$##..##
#..####l##$##Zo#
#...###(.##?...#
#.........#o..##
#......o.SrZ.## ##
#.#####..@##.!## .#
#.........##### .#
#####..........
.###########.###.##..#
.....o.g..o..# #... .#
############.# #.### #
.....?# #######


You could see an adder, 3 orcs, a hound zombie, a leopard gecko and a quokka.

Vanquished Creatures
  Jessica (D:2)
  A hound skeleton (D:4)
  An adder (D:2)
  An adder zombie (D:3)
  A worm (D:2)
  2 dart slugs (D:1)
  3 leopard geckos
  A ball python (D:2)
  2 giant cockroaches
  5 goblins
  6 hobgoblins
  3 jackals
  A quokka (D:2)
  6 bats
  A frilled lizard (D:1)
  A kobold (D:1)
  6 rats (D:1)
42 creatures vanquished.

Notes
Turn   | Place    | Note
-------+----------+-------------------------------------------
     0 | D:1      | tilp the Tengu Fire Elementalist began the quest for the Orb.
     0 | D:1      | Reached XP level 1. HP: 10/10 MP: 4/4
   170 | D:1      | Reached XP level 2. HP: 15/15 MP: 2/6
   211 | D:1      | Learned a level 2 spell: Throw Flame
   338 | D:1      | Reached skill level 2 in Conjurations
   651 | D:1      | Reached XP level 3. HP: 19/19 MP: 4/7
   656 | D:1      | Learned a level 3 spell: Conjure Flame
   710 | D:1      | Reached skill level 3 in Conjurations
  1267 | D:2      | Noticed Jessica
  1285 | D:2      | Killed Jessica
  1285 | D:2      | Reached skill level 4 in Conjurations
  1285 | D:2      | Reached XP level 4. HP: 24/24 MP: 4/8
  1578 | D:2      | Reached skill level 5 in Conjurations
  1597 | D:2      | You fall through a shaft for 2 floors!
  1789 | D:3      | Slain by an orc

Vault maps used:
D:1:      dpeg_arrival_subterranean_lakeside_camping
D:2:      lemuel_statue_altar, uniq_jessica
D:3:      first_bread, serial_undead, serial_undead_f, serial_undead_a,
          serial_undead_e, serial_undead_e, serial_undead_b,
          minmay_misc_feat_doors, minmay_cupped
D:4:      nicolae_ossuary_entry_giza, minmay_misc_feat_encased

Skill      XL: |  1  2  3  4 |
---------------+-------------+-----
Conjurations   | 2 4 5 |  5.3
Dodging        | |  2.1
Stealth        | |  2.0
Spellcasting   | |  2.5
Fire Magic     | |  3.2

Action                   |  1- 3 |  4- 6 || total
-------------------------+-------+-------++-------
Melee: Short sword       |    25 |    19 ||    44
       Peck              |     6 |     1 ||     7
       Kick              |     2 |     3 ||     5
 Cast: Flame Tongue      |    42 |    23 ||    65
  Use: Scroll            |       |     3 ||     3
       Potion            |       |     3 ||     3
 Stab: Sleeping          |       |     1 ||     1
  Eat: Chunk             |     2 |     1 ||     3
Armor: Robe              |     5 |     7 ||    12
Dodge: Dodged            |    19 |    35 ||    54
